 Dungeon Crawl Stone Soup version 0.27.0-1-g7a089689b8 (webtiles) character file.

Game seed: 982633394180584805

434 PentaManta the Cudgeller (level 7, -2/44 HPs)
             Began as a Gargoyle Monk on Aug 10, 2021.
             Killed from afar by an acid dragon (10 damage)
             ... with a splash of acid
             ... on level 4 of the Dungeon.
             The game lasted 00:07:39 (4919 turns).

PentaManta the Cudgeller (Gargoyle Monk)            Turns: 4919, Time: 00:07:39

Health: -2/44      AC: 12    Str: 16    XL:     7   Next: 0%
Magic:  7/7        EV: 10    Int: 11    God:
Gold:   239        SH:  0    Dex: 12    Spells: 6/6 levels left

rFire    . . .     SeeInvis .   l - +0 whip
rCold    . . .     Faith    .   (no shield)
rNeg     + . .     Spirit   .   n - +0 scale mail
rPois    ∞         Reflect  .   (no helmet)
rElec    +         Harm     .   u - +1 cloak
rCorr    .         Rampage  .   (no gloves)
Will     .....                  (no boots)
Stlth    +.........             q - amulet of regeneration
HPRegen  1.14/turn              (no ring)
MPRegen  0.10/turn              (no ring)

@: no status effects
A: sickness immunity, AC +4, negative energy resistance 1, electricity
resistance, torment resistance 1, petrification resistance
a: no special abilities


You were on level 4 of the Dungeon.
You visited 2 branches of the dungeon, and saw 6 of its levels.

You collected 239 gold pieces.

Inventory:

Hand Weapons
 a - a +0 mace
 e - a +0 dagger
 l - a +0 whip (weapon)
 m - a +0 flail
Missiles
 g - 24 poisoned darts
 o - 5 boomerangs (quivered)
 r - 5 javelins
Armour
 n - a +0 scale mail (worn)
 p - a +0 chain mail
 u - a +1 cloak (worn)
Jewellery
 q - an amulet of regeneration (around neck)
Wands
 b - a wand of polymorph (4)
Scrolls
 i - 6 scrolls of identify {unknown}
 s - a scroll of noise
Potions
 c - a potion of magic {unknown}
 h - a potion of berserk rage {unknown}
 j - 2 potions of curing {unknown}
 k - a potion of heal wounds {unknown}
 t - a potion of degeneration {unknown}


   Skills:
 + Level 5.4 Fighting
 * Level 6.5 Maces & Flails
 - Level 2.4 Dodging
 - Level 2.1 Stealth


You had 6 spell levels left.
You didn't know any spells.
Your spell library contained the following spells:

 Spells                   Type           Power      Damage    Failure   Level
 Beastly Appendage        Tmut           0%         N/A       80%         1
 Static Discharge         Conj/Air       0%         N/A       90%         2
 Wereblood                Tmut           0%         N/A       90%         2
 Conjure Flame            Conj/Fire      0%         6-21      99%         3
 Ignite Poison            Fire/Tmut/Pois 0%         N/A       99%         3
 Spider Form              Tmut/Pois      0%         N/A       99%         3
 Dispel Undead            Necr           0%         3d6       100%        4
 Sticky Flame             Conj/Fire      0%         2d3       100%        4


Dungeon Overview and Level Annotations

Branches:
Dungeon (5/15)             Temple (1/1) D:5

Altars:
Ashenzari
Dithmenos
Elyvilon
Fedhas
Gozag
Kikubaaqudgha
Makhleb
Qazlal
Ru
Vehumet
Wu Jian
Xom
Yredelemnul
The Shining One

Annotations:
D:3 Grinder


Innate Abilities, Weirdness & Mutations

You are immune to sickness and miasma.
Your stone body is resilient. (AC +4)
You are immune to poison.
You resist negative energy. (rN+)
You are resistant to electric shocks. (rElec)
You are resistant to unholy torment.
You are immune to petrification.


Message History

You hit the gnoll.
The gnoll is moderately wounded.
The gnoll hits you from afar with a +0 halberd.
You hit the gnoll.
The gnoll is severely wounded.
The gnoll barely misses you.
The gnoll hits you from afar with a +0 halberd.
You closely miss the gnoll.
The gnoll is severely wounded.
The gnoll barely misses you.
You barely miss the gnoll. The gnoll closely misses you.
The gnoll barely misses you. The gnoll closely misses you.
Unknown command.
The gnoll hits you with a +0 flail.
An acid dragon comes into view.
The acid dragon roars!
The acid dragon spits acid at you. The splash of acid hits you!
The acid corrodes you!
You are splashed with acid!
* * * LOW HITPOINT WARNING * * *
Found a stone staircase leading up.
The acid dragon closely misses you.
The acid dragon claws you but does no damage.
There is a stone staircase leading up here.
You climb upwards.
There is a stone staircase leading down here.
As you read the scroll labelled WOSHUO QEUSANO, it crumbles to dust.
You hear a loud clanging noise!
It was a scroll of noise.
The acid dragon closely misses you. The acid dragon barely misses you.
The gnoll closely misses you.
As you read the scroll labelled BUROUR KEPELA, it crumbles to dust.
You assume a fearsome visage.
The gnoll looks frightened!
The acid dragon looks frightened!
It was a scroll of fear.
Cornered, the acid dragon turns to fight!
You are no longer corroded.
The acid dragon spits acid at you. The splash of acid hits you!
You are splashed with acid!
* * * LOW HITPOINT WARNING * * *
The acid dragon spits acid at you. The splash of acid hits you!
You die...

# #.# #.# #..### # ####
##.# #.# ##.##
###..###..## ##.####.##
......##...###..##..##
.......#...........##
.#########.........# ##
#####.....#### #
#........# ## ##.@..####
.####### #...## .......##
#...## ....###.##
##....### ######### ..###
##.###
#.......###.......## ..#
##..###..................)
..#
##..###.....######..#####
#.# #..# ##.D.## #### #.##
##..# #g..#########


You could see an acid dragon (catching breath).

Vanquished Creatures
  A necrophage (D:4)
  A scorpion (D:4)
  2 hounds (D:4)
  A centaur zombie (D:4)
  An iguana (D:4)
  Terence (D:2)
  2 hound skeletons (D:4)
  A gnoll (D:5)
  3 adders
  A dart slug (D:5)
  10 orcs
  2 ball pythons (D:1)
  2 bats
  7 endoplasms
  4 goblins
  6 hobgoblins
  2 jackals (D:1)
  6 quokkas
  4 frilled lizards
  11 kobolds
  8 rats
76 creatures vanquished.

Vanquished Creatures (others)
  9 plants (D:2)
9 creatures vanquished.

Grand Total: 85 creatures vanquished

Notes
Turn   | Place    | Note
-------+----------+-------------------------------------------
     0 | D:1      | PentaManta the Gargoyle Monk began the quest for the Orb.
     0 | D:1      | Reached XP level 1. HP: 14/14 MP: 1/1
   148 | D:1      | Reached XP level 2. HP: 7/19 MP: 2/2
   164 | D:1      | Found a faded altar of an unknown god.
  1667 | D:2      | Reached XP level 3. HP: 16/24 MP: 3/3
  1949 | D:2      | Reached skill level 4 in Maces & Flails
  2535 | D:2      | Noticed Terence
  2568 | D:2      | Killed Terence
  2569 | D:2      | Reached XP level 4. HP: 29/29 MP: 4/4
  3210 | D:3      | Noticed Grinder
  3318 | D:4      | Noticed a scorpion
  3331 | D:4      | Killed a scorpion
  3332 | D:4      | Reached skill level 5 in Maces & Flails
  3332 | D:4      | Reached XP level 5. HP: 13/34 MP: 5/5
  3459 | D:4      | Noticed a necrophage
  3483 | D:4      | Killed a necrophage
  3484 | D:4      | Reached XP level 6. HP: 31/40 MP: 6/6
  3781 | D:4      | Reached skill level 5 in Fighting
  3858 | D:4      | Reached skill level 6 in Maces & Flails
  4688 | D:5      | Entered Level 5 of the Dungeon
  4714 | D:5      | Found a staircase to the Ecumenical Temple.
  4723 | Temple   | Entered the Ecumenical Temple
  4860 | D:5      | Found a shimmering altar of Xom.
  4888 | D:5      | Reached XP level 7. HP: 32/44 MP: 7/7
  4919 | D:4      | Killed from afar by an acid dragon

Illustrated notes

Levels and vault maps discovered:
D:1:      grunt_arrival_crossed_arrows, layout_basic,
          chequers_ecumenical_altar_simple_redux
D:2:      layout_basic, lexackson_kobold_supper, uniq_terence
D:3:      layout_basic, uniq_natasha, uniq_grinder
D:4:      layout_layer_cave, st_stairs_2
D:5:      layout_cave_pools, kennysheep_little_box, minmay_temple_entry_statues,
          nicolae_ossuary_entry_false_entrances
Temple:   nicolae_temple_god_jail

Skill      XL: |  1  2  3  4  5  6 |
---------------+-------------------+-----
Maces & Flails | 4 5 6 |  6.5
Fighting       | 4 5 |  5.4
Dodging        | |  2.4
Stealth        | |  2.1

Action                   |  1- 3 |  4- 6 |  7- 9 || total
-------------------------+-------+-------+-------++-------
Melee: Mace              |    29 |     1 |       ||    30
       Dagger            |   146 |    36 |       ||   182
       Unarmed           |    10 |       |       ||    10
       Whip              |       |   239 |     6 ||   245
Throw: Dart              |     2 |       |       ||     2
  Use: Scroll            |       |     3 |     2 ||     5
 Stab: Sleeping          |     3 |       |       ||     3
Armor: Robe              |    45 |       |       ||    45
       Ring mail         |     3 |       |       ||     3
       Scale mail        |       |   124 |     2 ||   126
Dodge: Dodged            |   131 |   115 |    11 ||   257
